 Dungeon Crawl Stone Soup version 0.22-a0-538-g76cc104 (webtiles) character file.

129 kae the Insei (level 4, -5/33 HPs)
             Began as a Demonspawn Transmuter on June 23, 2018.
             Slain by a gnoll
             ... wielding a +0 whip
              (7 damage)
             ... on level 3 of the Dungeon.
             The game lasted 00:02:40 (2831 turns).

kae the Insei (Demonspawn Transmuter)               Turns: 2831, Time: 00:02:41

Health: -5/33      AC:  7    Str:  8 (10) XL:     4   Next: 88%
Magic:  5/7        EV: 12    Int: 18 (20) God:
Gold:   90         SH:  0    Dex: 13 (15) Spells: 2/8 levels left

rFire    + . .     SeeInvis .   g - +0 short sword
rCold    . . .     Gourm    .   (no shield)
rNeg     . . .     Faith    .   b - +1 robe
rPois    +         Spirit   .   (no helmet)
rElec    .         Reflect  .   l - +1 cloak {rPois}
rCorr    .         Harm     .   (no gloves)
MR       .....     Rnd*Tele +   (no boots)
Stlth    +.........             (no amulet)
HPRegen  0.11/turn              h - ring of teleportation (curse)
MPRegen  0.10/turn              j - +6 ring of intelligence

@: flying
A: icy blue scales 1, fire resistance 1, flame cloud immunity
a: no special abilities


You were on level 3 of the Dungeon.
You were not hungry.

You visited 1 branch of the dungeon, and saw 3 of its levels.

You collected 90 gold pieces.

Inventory:

Hand Weapons
 g - a +0 short sword (weapon)
Missiles
 a - 11 arrows
Armour
 b - a +1 robe (worn)
 l - a +1 cloak of poison resistance (worn)
Jewellery
 h - a cursed ring of teleportation (left hand)
 j - a +6 ring of intelligence (right hand)
Scrolls
 k - a scroll of immolation
Potions
 f - a potion of degeneration
Comestibles
 d - 4 rations


   Skills:
 + Level 2.0 Fighting
 - Level 1.7 Dodging
 * Level 3.6 Unarmed Combat
 + Level 2.6 Spellcasting
 * Level 3.0 Transmutations


You had 2 spell levels left.
You knew the following spells:

 Your Spells              Type           Power        Failure   Level  Hunger
a - Beastly Appendage     Tmut           ##....       4%          1    #......
b - Sticks to Snakes      Tmut           ##......     8%          2    ##.....
c - Spider Form           Tmut/Pois      #.........   26%         3    ###....

Your spell library contained the following spells:

 Spells                   Type           Power        Failure   Level  Hunger
 Blade Hands              Tmut           ##........   80%         5    ######.
 Ice Form                 Ice/Tmut       #.......     65%         4    #####..


Dungeon Overview and Level Annotations

Branches:
Dungeon (3/15)

Altars:
Zin


Innate Abilities, Weirdness & Mutations

You are partially covered in icy blue scales. (AC +2)
Your flesh is heat resistant. (rF+)
You are immune to clouds of flame.


Message History

The gnoll closely misses you. x2
The gnoll completely misses you. The gnoll misses you.
You see here a flail.
As you open the door, it creaks loudly!
A gnoll comes into view. It is wielding a whip.
Your transformation has ended.
Your +0 short sword unmelds from your body.
Your +1 cloak of poison resistance unmelds from your body.
Your +1 robe unmelds from your body.
You feel resistant to poison.
The gnoll shouts!
You hear a shout!
The gnoll barely misses you.
A gnoll comes into view. It is wielding a spear.
The gnoll closely misses you. The gnoll misses you.
There is an open door here.
You barely miss the gnoll. The gnoll misses you.
The gnoll hits you but does no damage. The gnoll barely misses you.
You closely miss the gnoll. The gnoll hits you.
* * * LOW HITPOINT WARNING * * *
The gnoll hits you with a whip!
You die...

#########
......P
......
≈≈≈≈ ≈≈≈
#####
#g§§#
#§g§#
#@### #g#
#.# #.#
+g# +.#
#.# #.#


You could see 4 gnolls.

Vanquished Creatures
  Crazy Yiuf (D:2)
  2 gnolls (D:3)
  4 adders
  A worm (D:2)
  A dart slug (D:1)
  2 bats
  5 hobgoblins
  4 jackals (D:1)
  4 kobolds
  A quokka (D:3)
  A ball python (D:1)
  7 goblins (D:1)
  6 rats
39 creatures vanquished.

Notes
Turn   | Place    | Note
-------+----------+-------------------------------------------
     0 | D:1      | kae the Demonspawn Transmuter began the quest for the Orb.
     0 | D:1      | Reached XP level 1. HP: 15/15 MP: 3/3
    74 | D:1      | Gained mutation: You are partially covered in icy blue scales. (AC +2) [demonic ancestry]
    74 | D:1      | Reached XP level 2. HP: 21/21 MP: 1/5
  1122 | D:2      | Gained mutation: Your flesh is heat resistant. (rF+) [demonic ancestry]
  1122 | D:2      | Reached XP level 3. HP: 26/26 MP: 4/6
  1126 | D:2      | Learned a level 2 spell: Sticks to Snakes
  1130 | D:2      | Learned a level 3 spell: Spider Form
  1541 | D:2      | Found a glowing silver altar of Zin.
  1701 | D:2      | Found a runed door.
  2215 | D:2      | Noticed Crazy Yiuf
  2226 | D:2      | Killed Crazy Yiuf
  2226 | D:2      | Gained mutation: You are immune to clouds of flame. [demonic ancestry]
  2226 | D:2      | Reached XP level 4. HP: 14/33 MP: 4/7
  2831 | D:3      | Slain by a gnoll

Vault maps used:
D:1:      lightli_arrival_maybe_door_vault
D:2:      lemuel_doored_altar, uniq_crazy_yiuf_cottage
D:3:      lemuel_castle_with_subvaults, kennysheep_slug_shrine, first_ration,
          minmay_shallow_snake_nest

Skill      XL: |  1  2  3  4 |
---------------+-------------+-----
Transmutations | 2 3 |  3.0
Unarmed Combat | 3 |  3.6
Fighting       | 2 |  2.0
Dodging        | |  1.7
Spellcasting   | |  2.6

Action                   |  1- 3 |  4- 6 || total
-------------------------+-------+-------++-------
Melee: Unarmed           |    47 |    10 ||    57
       Headbutt          |    10 |     1 ||    11
       Short sword       |    58 |    21 ||    79
       Kick              |     5 |     2 ||     7
 Cast: Beastly Appendage |    14 |     3 ||    17
       Spider Form       |     1 |     2 ||     3
       Sticks to Snakes  |     1 |       ||     1
  Use: Scroll            |     1 |     2 ||     3
       Potion            |     1 |     2 ||     3
 Stab: Sleeping          |     1 |       ||     1
  Eat: Chunk             |     3 |       ||     3
       Ration            |       |     1 ||     1
Armor: Robe              |    23 |     8 ||    31
       Skin              |     1 |       ||     1
Dodge: Dodged            |    54 |    34 ||    88

Table legend:
 A = Spawn XP
 B = Non-spawn XP
 C = Spawn XP percentage of total XP
 D = Spawn monster count
 E = Non-spawn monster count
 F = Spawn count percentage of total count
 G = Total turns spent on level
                    A         B        C        D         E        F      G
               +---------+---------+-------+---------+---------+-------+---------
         Total |       0 |     185 |   0.0 |       0 |      39 |   0.0 |  2831
               +---------+---------+-------+---------+---------+-------+---------
           D:1 |       0 |      40 |   0.0 |       0 |      23 |   0.0 |  1064
           D:2 |       0 |      85 |   0.0 |       0 |      11 |   0.0 |  1508
           D:3 |       0 |      60 |   0.0 |       0 |       5 |   0.0 |   259
               +---------+---------+-------+---------+---------+-------+---------
